 Dungeon Crawl Stone Soup version 0.29.1-1-gd02db6906a (console) character file.

Game seed: 7233548494014056963

4 sentinel the Digger (level 2, 16/20 HPs)
             Began as a Meteoran Earth Elementalist on Oct 16, 2022.
             Quit the game on level 1 of the Dungeon.
             The game lasted 00:00:05 (93 turns).

sentinel the Digger (Meteoran Earth Elementalist)     Turns: 93, Time: 00:00:05

Health: 16/20      AC:  2    Str:  9    XL:     2   Next: 0%
Magic:  1/6        EV: 12    Int: 16    God:
Gold:   0          SH:  0    Dex: 14    Spells: 5/6 levels left

rFire   . . .      SeeInvis .   (no weapon)
rCold   . . .      Faith    .   (no shield)
rNeg    . . .      Spirit   .   a - +0 robe
rPois   .          Reflect  .   (no helmet)
rElec   .          Harm     .   (no cloak)
rCorr   .          Rampage  .   (no gloves)
Will    .....                   (no boots)
Stlth   +.........              (no amulet)
HPRegen 0.06/turn               (no ring)
MPRegen 0.10/turn               (no ring)

@: glowing
A: sense surroundings 1, otherworldly, glowing, explore regen
a: no special abilities


You were on level 1 of the Dungeon.
You visited 1 branch of the dungeon, and saw 1 of its levels.

Inventory:

Armour
 a - a +0 robe (worn)
Scrolls
 c - a scroll of enchant armour {unknown}
Potions
 b - a potion of magic


   Skills:
 - Level 2.4 Dodging
 - Level 1.4 Stealth
 - Level 2.6 Spellcasting
 - Level 1.2 Transmutations
 + Level 4.1 Earth Magic


You had 5 spell levels left.
You knew the following spells:

 Your Spells              Type           Power      Damage    Failure   Level
a - Sandblast             Erth           30%        2d9       3%          1

Your spell library contained the following spells:

 Spells                   Type           Power      Damage    Failure   Level
 Passwall                 Tmut/Erth      8%         N/A       10%         2
 Stone Arrow              Conj/Erth      16%        3d8       26%         3
 Petrify                  Tmut/Erth      10%        N/A       54%         4


Dungeon Overview and Level Annotations

Branches:
Dungeon (1/15) Zot: 503

Altars:


Innate Abilities, Weirdness & Mutations

You passively map a small area around you.
You are easily found by Zot.
You glow in the dark.
You regain HP and MP as you explore.


Message History

Found a staircase leading out of the dungeon.
Unknown command.
Unknown command.
Unknown command.
c - a scroll labelled KOINAKH JOTEDY Unknown command.
You see here 8 gold pieces.
Found 9 gold pieces.
Unknown command.
A hobgoblin comes into view.
The hobgoblin shouts!
Unknown command.
But you're not safe!
Unknown command.
But you're not safe!
Unknown command.
The blast of sand hits the hobgoblin.
You kill the hobgoblin!
No target in view!
You can't see any susceptible monsters within range! (Use Z to cast anyway.) Unknown command.
You can't see any susceptible monsters within range! (Use Z to cast anyway.) Unknown command.
You can't see any susceptible monsters within range! (Use Z to cast anyway.) Unknown command.
You can't see any susceptible monsters within range! (Use Z to cast anyway.) Unknown command.
No target in view!
No target in view!
You can't see any susceptible monsters within range! (Use Z to cast anyway.) Unknown command.
You can't see any susceptible monsters within range! (Use Z to cast anyway.) Unknown command.
You can't see any susceptible monsters within range! (Use Z to cast anyway.) Unknown command.
You can't see any susceptible monsters within range! (Use Z to cast anyway.) Unknown command.
No target in view!
No target in view!
You can't see any susceptible monsters within range! (Use Z to cast anyway.) Unknown command.
You can't see any susceptible monsters within range! (Use Z to cast anyway.) Unknown command.
You can't see any susceptible monsters within range! (Use Z to cast anyway.) Unknown command.
You can't see any susceptible monsters within range! (Use Z to cast anyway.) Unknown command.
Magic restored.
A goblin comes into view. It is wielding a +0 dagger.
Unknown command.
But you're not safe!
Unknown command.
But you're not safe!
Unknown command.
But you're not safe!
Unknown command.
But you're not safe!
Unknown command.
The goblin shouts!
You hear an angry hiss.
The blast of sand hits the goblin!
You kill the goblin!
A frilled lizard comes into view.
The blast of sand hits the frilled lizard.
You kill the frilled lizard!
Unknown command.
You can't see any susceptible monsters within range! (Use Z to cast anyway.) Unknown command.
You can't see any susceptible monsters within range! (Use Z to cast anyway.) Unknown command.
You can't see any susceptible monsters within range! (Use Z to cast anyway.) Unknown command.
No target in view!
No target in view!
You can't see any susceptible monsters within range! (Use Z to cast anyway.) Unknown command.
You can't see any susceptible monsters within range! (Use Z to cast anyway.) Unknown command.
You can't see any susceptible monsters within range! (Use Z to cast anyway.) Unknown command.
You can't see any susceptible monsters within range! (Use Z to cast anyway.) Unknown command.
No target in view!
No target in view!
You can't see any susceptible monsters within range! (Use Z to cast anyway.) Unknown command.
You can't see any susceptible monsters within range! (Use Z to cast anyway.) Unknown command.
You can't see any susceptible monsters within range! (Use Z to cast anyway.) Unknown command.
You can't see any susceptible monsters within range! (Use Z to cast anyway.) Unknown command.
Things that are here:
a +0 dagger; a goblin corpse A quokka comes into view.
Unknown command.
But you're not safe!
Unknown command.
But you're not safe!
Unknown command.
But you're not safe!
Unknown command.
But you're not safe!
Unknown command.
The blast of sand misses the quokka.
The blast of sand misses the quokka.
The quokka bites you.
Unknown command.
The blast of sand hits the quokka but does no damage.
The quokka bites you. The quokka closely misses you.
Unknown command.
You miscast Sandblast.
You are very lightly contaminated with residual magic.
Nothing appears to happen.
The quokka barely misses you.
The blast of sand hits the quokka!
You kill the quokka!
Your Earth Magic skill increases to level 4!
You have reached level 2!
You are out of magic!
Unknown command.
You are out of magic!
Unknown command.
You are out of magic!
Unknown command.
No target in view!
No target in view!
You are out of magic!
Unknown command.
You are out of magic!
Unknown command.
You are out of magic!
Unknown command.
You are out of magic!
Unknown command.
You start waiting.
Your magical contamination has completely faded away.
Unknown command.
A frilled lizard comes into view.
The frilled lizard hisses angrily.
You see here a quokka corpse.
Unknown command.
But you're not safe!
Unknown command.
But you're not safe!
Unknown command.
But you're not safe!
Unknown command.
Unknown command.
Unknown command.
Unknown command.
Unknown command.
Are you sure you want to abandon this character and quit the game? (Confirm with "yes".)

#.#.#.# *
#.#.#.# ###.###
#.#...# #.....#
* #.###.#
#.....# ,
#.###.# #....l
*,
#.....#####....
* #####.#..
,...,, * #.#.#
#.# *
#.#.####@# * *
#...†.##.### *
###........# ,
#...##.#.# *
#.)....#.##
##...........
#.#####.####
#.......#
#########


You could see a frilled lizard.

Vanquished Creatures
  A goblin (D:1)
  A hobgoblin (D:1)
  A quokka (D:1)
  A frilled lizard (D:1)
4 creatures vanquished.

Notes
Turn   | Place    | Note
-------+----------+-------------------------------------------
     0 | D:1      | sentinel the Meteoran Earth Elementalist began the quest
                  | for the Orb.
     0 | D:1      | Reached XP level 1. HP: 14/14 MP: 5/5
    87 | D:1      | Reached skill level 4 in Earth Magic
    87 | D:1      | Reached XP level 2. HP: 15/20 MP: 0/6
    93 | D:1      | Quit the game

Illustrated notes

Levels and vault maps discovered:
D:1:      minmay_arrival_semitransparent, layout_loops_cross,
          hellmonk_ecumenical_altar_arch_garden, minmay_misc_feat_enclosed

Skill      XL: |  1 |
---------------+----+-----
Earth Magic    | 4 |  4.1
Dodging        | |  2.4
Stealth        | |  1.4
Spellcasting   | |  2.6
Transmutations | |  1.2

Action                   || total
-------------------------++-------
 Cast: Sandblast         ||     7
Dodge: Dodged            ||     2
